 Dungeon Crawl Stone Soup version 0.22-a0-271-gc000056 (webtiles) character file.

84286 grindst0ne the Blocker (level 15, -2/83 HPs)
             Began as a Vine Stalker Fighter on Mar 10, 2018.
             Was a Priest of Uskayaw.
             Slain by a spriggan berserker
             ... wielding a +0 broad axe
              (29 damage)
             ... on level 14 of the Dungeon.
             The game lasted 01:06:54 (20138 turns).

grindst0ne the Blocker (Vine Stalker Fighter)      Turns: 20138, Time: 01:06:55

Health: -2/83      AC: 26    Str: 20    XL:     15   Next: 80%
Magic:  0/25       EV:  7    Int: 16    God:    Uskayaw [***...]
Gold:   1325       SH: 20    Dex: 22    Spells: 2/14 levels left

rFire    + . .     SeeInvis .   e - +10 short sword "Duugh" {elec, rF+}
rCold    . . .     Gourm    .   c - +1 shield
rNeg     . . .     Faith    .   E - +7 chain mail of the Maze {rPois}
rPois    +         Spirit   +   V - +1 helmet
rElec    .         Reflect  +   P - +2 cloak
rCorr    +         Harm     .   O - +0 pair of gloves {Dex+3}
MR       +....                  G - +0 pair of boots {Fly}
Stlth    ..........             i - amulet "Egoatael" {Reflect Int+4 SH+5}
HPRegen  1.03/turn              l - ring of Dim Light {rCorr Dex+4}
MPRegen  0.19/turn              r - +3 ring of protection

@: about to teleport, flying
A: fangs 3, regeneration 2, magic shield, antimagic bite, no potion heal 3, rot
immunity
a: Stomp, Line Pass, Renounce Religion, Stop Flying


You were on level 14 of the Dungeon.
You worshipped Uskayaw.
Uskayaw was pleased with you.
You were not hungry.

You visited 2 branches of the dungeon, and saw 20 of its levels.
You also visited: Sewer and Bailey.

You collected 1550 gold pieces.
You spent 225 gold pieces at shops.

Inventory:

Hand Weapons
 e - the +10 short sword "Duugh" (weapon) {elec, rF+}
   (You found it on level 4 of the Lair of Beasts)

   Occasionally, upon striking a foe, it will discharge some electrical energy
   and cause terrible harm.
   It protects you from fire.
 p - a +0 whip of flaming
Missiles
 h - 4 throwing nets
 z - 4 poisoned javelins (quivered)
Armour
 c - a +1 shield (worn)
 E - the +7 chain mail of the Maze (worn) {rPois}
   (You found it on level 5 of the Dungeon)

   It protects you from poison.
 G - a +0 pair of boots of flying (worn)
 K - +0 ice dragon scales
 O - a +0 pair of gloves of dexterity (worn)
 P - a +2 cloak (worn)
 V - a +1 helmet (worn)
Jewellery
 i - the amulet "Egoatael" (around neck) {Reflect Int+4 SH+5}
   (You acquired it on level 14 of the Dungeon)

   [amulet of reflection]

   It shields you and reflects attacks.
   It affects your intelligence (+4).
   It affects your SH (+5).
 l - the ring of Dim Light (left hand) {rCorr Dex+4}
   (You acquired it on level 14 of the Dungeon)

   [ring of resist corrosion]

   It affects your dexterity (+4).
 r - a +3 ring of protection (right hand)
 L - a +4 ring of intelligence
Wands
 a - a wand of flame (178)
 k - a wand of enslavement (12)
 w - a wand of iceblast (1)
 C - a wand of digging (27)
 J - a wand of random effects (79)
 Q - a wand of paralysis (24)
 T - a wand of disintegration (12)
Scrolls
 b - a scroll of fear
 j - 2 scrolls of teleportation
 m - 2 scrolls of enchant armour
 n - 3 scrolls of identify
 y - 3 scrolls of enchant weapon
 B - 5 scrolls of amnesia
 D - 4 scrolls of fog
 F - a scroll of blinking
 R - 3 scrolls of magic mapping
 S - a scroll of remove curse
Potions
 d - 3 potions of brilliance
 g - 2 potions of haste
 o - 11 potions of curing
 s - 5 potions of ambrosia
 t - 3 potions of berserk rage
 v - 2 potions of agility
 I - 5 potions of mutation
 M - 3 potions of magic
 U - a potion of might
 W - a potion of lignification
Comestibles
 f - 36 rations


   Skills:
 - Level 11.3 Fighting
 + Level 5.5 Short Blades
 - Level 2.4 Armour
 + Level 13.6 Shields
 - Level 9.2 Charms
 + Level 10.0 Necromancy
 + Level 12.5 Invocations
 - Level 6.0 Evocations


You had 2 spell levels left.
You knew the following spells:

 Your Spells              Type           Power        Failure   Level  Hunger
a - Regeneration          Chrm/Necr      ####......   19%         3    ####...
b - Vampiric Draining     Necr           ####......   16%         3    ####...
c - Animate Dead          Necr           N/A          45%         4    #####..
d - Swiftness             Chrm/Air       ##......     58%         2    ###....


Dungeon Overview and Level Annotations

Branches:
Dungeon (14/15) Temple (0/1) D:7 Lair (6/6) D:9 Swamp (0/4) Lair:2 Snake (0/4) Lair:4 Slime (0/5) Lair:5 Orc (0/2) D:10 Vaults (0/5) D:12 D:13

Altars:
Ashenzari
Elyvilon
Fedhas
Gozag
Hepliaklqana
Nemelex Xobeh
Qazlal
Uskayaw
Wu Jian
Xom
Yredelemnul
Zin
The Shining One

Shops:
D:8 !   D:9 [

Annotations:
D:11 exclusion: downstairs


Innate Abilities, Weirdness & Mutations

You have razor-sharp teeth.
You heal very quickly.
When hurt, damage is shared between your health and your magic reserves.
Your bite disrupts and absorbs the magic of your enemies.
Potions cannot restore your health.
You are immune to rotting.


Message History

You block the spriggan berserker's attack.
Things that are here:
a hand axe; an animal skin; a yak corpse You hear a bellow!
You hear an angry growl.
The spriggan berserker hits you with a broad axe!!
As you read the scroll of fear, it crumbles to dust.
You assume a fearsome visage.
The spriggan berserker easily resists.
The spriggan berserker resists with almost no effort. x2
The death knight resists with almost no effort.
The wraith is unaffected.
The skeletal warrior is unaffected.
The manticore looks frightened!
The spriggan berserker rages.
You block the spriggan berserker's attack.
As you read the scroll of teleportation, it crumbles to dust.
You feel strangely unstable.
The elephant rages.
The spriggan berserker hits you with a broad axe!
You hear an angry growl.
You hear a trumpeting!
The spriggan berserker hits you with a broad axe!!!
You die...

#. #. ###.##### #.
#.......# #. #.......#
#. #.......# #.
#.......#############.
#.....................
#.......#############.
#....@..# #..
#...i...# #.#
###p##### #.# #.# #.#
#Y.# ##.#


ii.Y# #..# .WhhWW. #####'## .♣♣.....♣ #....... .♣ ...#...♣ #....... You could
see a death knight and a spriggan berserker (berserk).

Vanquished Creatures
  Rupert (D:12)
  A sphinx (D:12)
  Kirke (Lair:3)
  A storm dragon (D:12)
  Roxanne (D:14)
  Josephine (Lair:4)
  A fire dragon (D:12)
  7 hydras
  Erolcha (D:13)
  2 catoblepae
  3 two-headed ogres
  2 centaur warriors (D:12)
  Urug (Lair:3)
  A spriggan berserker (D:14)
  Nergalle (Lair:2)
  Sonja (D:11)
  The ghost of HEYYEYAAE the Summoner, a novice DgSu (D:8)
  3 orc knights
  Pikel (D:4)
  An orc sorcerer (Bailey)
  An ugly thing (D:11)
  5 oklob plants
  3 cyclopes
  A manticore (D:11)
  8 black mambas
  13 elephants
  31 spiny frogs
  A gargoyle (D:12)
  4 kobold demonologists
  A freezing wraith (D:14)
  4 rime drakes
  A komodo dragon (shapeshifter) (D:14)
  A komodo dragon (Lair:2)
  A tengu conjurer (D:13)
  2 trolls (D:10)
  5 tyrant leeches (Lair:6)
  3 polar bears
  6 hippogriffs
  3 hornets
  A blink frog (shapeshifter) (D:14)
  28 blink frogs
  4 dream sheep (Lair:6)
  31 yaks
  A shadow (D:12)
  4 wyverns
  8 basilisks
  A golden eye (shapeshifter) (D:14)
  10 wraiths
  A vampire (D:14)
  2 hogs (Lair:3)
  16 humans
  3 hungry ghosts
  2 steam dragons (D:9)
  6 vampire mosquitoes (Lair:6)
  Edmund (D:4)
  5 insubstantial wisps (Lair:2)
  3 nagas (Lair:4)
  Duvessa (D:6)
  6 water moccasins
  A soldier ant (D:10)
  8 porcupines
  A meliai simulacrum (D:14)
  4 sky beasts
  3 ice beasts
  13 orc warriors
  An eye of draining (D:11)
  2 phantoms
  5 black bears
  4 ogres
  A hornet zombie (D:8)
  A necrophage (D:6)
  12 wolves (Lair:1)
  8 centaurs
  15 crocodiles
  3 big kobolds
  33 bullfrogs
  Dowan (D:6)
  A water moccasin zombie (D:10)
  3 scorpions
  A water moccasin skeleton (D:6)
  17 killer bees
  3 wights
  4 howler monkeys
  5 electric eels
  4 crimson imps
  4 centaur zombies
  2 bullfrog zombies (D:12)
  A quasit (D:12)
  6 orc priests
  5 hounds
  A jelly (D:5)
  A bullfrog skeleton (D:12)
  9 orc wizards
  A gnoll shaman (D:7)
  5 iguanas
  11 worker ants
  A hound skeleton (D:11)
  A worker ant zombie (D:11)
  A howler monkey skeleton (D:4)
  12 adders
  24 gnolls
  3 shadow imps
  3 oozes
  2 worms
  4 dart slugs
  4 leopard geckos
  50 orcs
  11 bats
  6 giant cockroaches
  19 goblins
  15 hobgoblins
  10 jackals
  21 kobolds
  4 quokkas
  A ball python (D:6)
  A ball python skeleton (D:4)
  A frilled lizard (D:5)
  A jackal zombie (D:6)
  A leopard gecko skeleton (D:5)
  2 quokka skeletons
  4 rats
  2 rat zombies (D:7)
  A spectral orc (D:4)
  A plant (Lair:3)
666 creatures vanquished.

Vanquished Creatures (others)
  A bush (Lair:6)
  18 fungi
  63 plants
82 creatures vanquished.

Grand Total: 748 creatures vanquished

Notes
Turn   | Place    | Note
-------+----------+-------------------------------------------
     0 | D:1      | grindst0ne the Vine Stalker Fighter began the quest for the Orb.
     0 | D:1      | Reached XP level 1. HP: 11/11 MP: 2/2
   182 | D:1      | Reached XP level 2. HP: 15/16 MP: 3/3
   422 | D:1      | Reached XP level 3. HP: 21/21 MP: 4/4
   726 | D:2      | Found a hide-covered altar of Uskayaw.
   735 | D:2      | Gained mutation: Your natural rate of healing is unusually fast. [Vine Stalker growth]
   735 | D:2      | Reached XP level 4. HP: 24/26 MP: 5/5
   741 | D:2      | Became a worshipper of Uskayaw the Reveler
   748 | D:2      | Reached * piety under Uskayaw
   894 | D:2      | Reached ** piety under Uskayaw
  1250 | D:3      | Found a shattered altar of Ashenzari.
  1337 | D:3      | Found a glowing drain.
  1358 | D:3      | Reached skill level 1 in Invocations
  1373 | Sewer    | Entered a sewer
  1389 | Sewer    | Reached XP level 5. HP: 30/30 MP: 4/6
  1425 | Sewer    | Noticed a crocodile
  1431 | Sewer    | Killed a crocodile
  1431 | Sewer    | Reached skill level 3 in Shields
  1622 | D:3      | Reached skill level 5 in Fighting
  1644 | D:3      | Reached XP level 6. HP: 31/35 MP: 8/8
  2038 | D:4      | Found a glowing silver altar of Zin.
  2038 | D:4      | Found a white marble altar of Elyvilon.
  2271 | D:4      | Found a shattered altar of Ashenzari.
  2351 | D:4      | Found a glowing golden altar of the Shining One.
  2389 | D:4      | Reached *** piety under Uskayaw
  2390 | D:4      | Reached XP level 7. HP: 25/39 MP: 7/10
  2397 | D:4      | Reached **** piety under Uskayaw
  2510 | D:4      | Noticed Edmund
  2524 | D:4      | Killed Edmund
  2524 | D:4      | Reached skill level 4 in Shields
  2606 | D:4      | Found a basalt altar of Yredelemnul.
  2655 | D:4      | Found a shimmering altar of Xom.
  2656 | D:4      | Found a hazy altar of Hepliaklqana.
  2656 | D:4      | Noticed a thorn hunter
  2657 | D:4      | Noticed a spectral ugly thing
  2657 | D:4      | Noticed a thorn hunter
  2779 | D:4      | Noticed Pikel
  2795 | D:4      | Killed Pikel
  2795 | D:4      | Reached skill level 5 in Invocations
  2795 | D:4      | Gained mutation: You have razor-sharp teeth. [Vine Stalker growth]
  2795 | D:4      | Reached XP level 8. HP: 40/44 MP: 11/13
  2821 | D:4      | Found a sparkling altar of Nemelex Xobeh.
  2992 | D:5      | Entered Level 5 of the Dungeon
  3237 | D:5      | Reached skill level 5 in Shields
  3656 | D:5      | Got a faintly glowing chain mail
  3667 | D:5      | Identified the +7 chain mail of the Maze {rPois} (You found it on level 5 of the Dungeon)
  4023 | D:6      | Noticed Duvessa
  4033 | D:6      | Killed Duvessa
  4033 | D:6      | Reached XP level 9. HP: 49/49 MP: 15/15
  4034 | D:6      | Noticed Dowan
  4042 | D:6      | Killed Dowan
  4558 | D:6      | Found an opulent altar of Gozag.
  4558 | D:6      | Found a sparkling altar of Nemelex Xobeh.
  4786 | D:7      | Reached skill level 1 in Evocations
  4872 | D:7      | Found a flagged portal.
  4874 | D:7      | Found a stormy altar of Qazlal.
  4919 | Bailey   | Entered a bailey
  4981 | Bailey   | Reached skill level 6 in Shields
  5006 | Bailey   | Found an iron altar of Okawaru.
  5006 | Bailey   | Noticed a kobold demonologist
  5006 | Bailey   | Noticed an orc sorcerer
  5007 | Bailey   | Noticed a sixfirhy
  5026 | Bailey   | Noticed a rust devil
  5034 | Bailey   | Killed an orc sorcerer
  5126 | Bailey   | Noticed an orc knight
  5153 | Bailey   | Killed an orc knight
  5153 | Bailey   | Reached XP level 10. HP: 50/56 MP: 15/17
  5188 | Bailey   | Noticed an orc knight
  5210 | Bailey   | Reached skill level 7 in Shields
  5214 | Bailey   | Killed an orc knight
  5423 | Bailey   | Killed a kobold demonologist
  5657 | Bailey   | Got a jewelled shortbow
  5987 | D:7      | Found a staircase to the Ecumenical Temple.
  6068 | D:7      | Reached skill level 5 in Evocations
  6236 | D:7      | Found an ornate altar of the Wu Jian Council.
  6263 | D:7      | Reached ***** piety under Uskayaw
  6301 | D:7      | Reached skill level 8 in Shields
  6667 | D:8      | Noticed HEYYEYAAE's ghost (novice DgSu)
  6696 | D:8      | Killed HEYYEYAAE's ghost
  6696 | D:8      | Reached XP level 11. HP: 55/62 MP: 18/18
  6955 | D:8      | Found Zumem's Distillery.
  6960 | D:8      | Bought a potion of curing for 30 gold pieces
  7595 | D:9      | Found the +5 scythe "Finisher" {speed, Str+3}
  7660 | D:9      | Found Ricuklua's Antique Armour Emporium.
  7673 | D:9      | Bought a pair of embroidered gloves for 195 gold pieces
  8008 | D:9      | Learned a level 3 spell: Regeneration
  8057 | D:9      | Reached skill level 9 in Shields
  8150 | D:9      | Found a staircase to the Lair.
  8325 | D:10     | Entered Level 10 of the Dungeon
  8545 | D:10     | Noticed a cyclops
  8556 | D:10     | Killed a cyclops
  8556 | D:10     | Reached skill level 10 in Fighting
  8972 | D:10     | Found a staircase to the Orcish Mines.
  9217 | D:11     | Noticed a cyclops
  9246 | D:11     | Killed a cyclops
  9350 | D:11     | Noticed a two-headed ogre
  9430 | D:11     | Killed a two-headed ogre
  9430 | D:11     | Gained mutation: You heal very quickly. [Vine Stalker growth]
  9430 | D:11     | Reached XP level 12. HP: 37/69 MP: 15/19
  9536 | D:11     | Reached skill level 10 in Shields
  9549 | D:11     | Reached skill level 5 in Short Blades
  9604 | D:11     | Noticed Sonja
  9788 | D:11     | Killed Sonja
 10066 | Lair:1   | Entered Level 1 of the Lair of Beasts
 10198 | Lair:1   | Noticed a five-headed hydra
 10222 | Lair:1   | Killed a five-headed hydra
 10222 | Lair:1   | Reached skill level 1 in Charms
 10222 | Lair:1   | Reached skill level 1 in Necromancy
 10249 | Lair:1   | Noticed a catoblepas
 10289 | Lair:1   | Killed a catoblepas
 10408 | Lair:1   | Reached skill level 11 in Shields
 10477 | Lair:1   | Noticed a four-headed hydra
 10490 | Lair:1   | Killed a four-headed hydra
 11041 | Lair:2   | Reached XP level 13. HP: 67/74 MP: 20/20
 11157 | Lair:2   | Found a staircase to the Swamp.
 11436 | Lair:2   | Noticed Nergalle
 11448 | Lair:2   | Killed Nergalle
 11514 | Lair:2   | Found a white marble altar of Elyvilon.
 12113 | Lair:3   | Noticed Urug
 12162 | Lair:3   | Killed Urug
 12162 | Lair:3   | Reached skill level 5 in Charms
 12162 | Lair:3   | Reached skill level 5 in Necromancy
 12910 | Lair:3   | Reached skill level 10 in Invocations
 13135 | Lair:4   | Noticed Kirke
 13173 | Lair:3   | Killed Kirke
 13173 | Lair:3   | Reached skill level 12 in Shields
 13440 | Lair:4   | Found a staircase to the Snake Pit.
 13516 | Lair:4   | Reached XP level 14. HP: 71/79 MP: 17/22
 13627 | Lair:4   | Found a hide-covered altar of Uskayaw.
 13638 | Lair:4   | Noticed Josephine
 13666 | Lair:4   | Killed Josephine
 14837 | Lair:5   | Found a staircase to the Slime Pits.
 15398 | Lair:6   | Entered Level 6 of the Lair of Beasts
 16174 | Lair:6   | Reached ****** piety under Uskayaw
 16727 | Lair:6   | Reached XP level 15. HP: 83/83 MP: 24/24
 16882 | Lair:6   | Reached skill level 13 in Shields
 16937 | Lair:6   | Identified Kikubaaqudgha's Catalogue of Black Rites
 16956 | Lair:6   | Learned a level 3 spell: Vampiric Draining
 16961 | Lair:6   | Learned a level 4 spell: Animate Dead
 16964 | Lair:6   | Learned a level 2 spell: Swiftness
 17594 | Lair:4   | Got a crystal short sword
 17595 | Lair:4   | Identified the +10 short sword "Duugh" {elec, rF+} (You found it on level 4 of the Lair of Beasts)
 17887 | D:12     | Found a runed door.
 18417 | D:12     | Noticed a sphinx
 18417 | D:12     | Paralysed by a sphinx for 4 turns
 18460 | D:12     | Killed a sphinx
 18504 | D:12     | Noticed a storm dragon
 18582 | D:12     | Killed a storm dragon
 18614 | D:12     | Got a warped copper amulet
 18616 | D:12     | Identified the amulet of the Amoeba {Inacc -Tele Str+10 Stlth+} (You found it on level 12 of the Dungeon)
 18659 | D:13     | Found a gate to the Vaults.
 18659 | D:13     | Noticed Rupert
 18695 | D:12     | Killed Rupert
 19121 | D:13     | Noticed Erolcha
 19128 | D:13     | Killed Erolcha
 19600 | D:14     | Got a brightly glowing iron amulet
 19602 | D:14     | Identified the amulet "Egoatael" {Reflect Int+4 SH+5} (You acquired it on level 14 of the Dungeon)
 19608 | D:14     | Got a flickering tin ring
 19610 | D:14     | Identified the ring of Dim Light {rCorr Dex+4} (You acquired it on level 14 of the Dungeon)
 19681 | D:14     | Noticed Roxanne
 19800 | D:14     | Killed Roxanne
 19940 | D:14     | Found a blossoming altar of Fedhas.
 19979 | D:14     | Reached skill level 10 in Necromancy
 20127 | D:14     | Found the +8 Wrath of Trog {antimagic, *Rage}
 20138 | D:14     | Slain by a spriggan berserker

Vault maps used:
D:1:      eino_arrival_water_star
D:2:      eat_drink_and_be_merry_uskayaw
D:3:      first_ration, cheibrodos_sewer_entry_bend, cheibrodos_ashenzari_chains
D:4:      good_gods_mini_temple, lemuel_round_altar,
          yredelemnul_forgotten_temple_becter, regret_index_temple_of_mockery,
          nemelex_altar_shiori, uniq_edmund, uniq_pikel
D:6:      grunt_temple_overflow_opulence, hangedman_decor_clover_reticule,
          uniq_duvessa
D:7:      nicolae_qazlal_general_emergency, old_standard_altar,
          minmay_temple_entry_statues_pillars, enter_bailey_3, enter_ossuary_4
D:8:      serial_shops, kennysheep_little_box, blue_anna_alchemist,
          kennysheep_generic_room_12
D:9:      erik_lair_dragon, serial_shops, shop_statue,
          minmay_guarded_unrand_finisher
D:10:     orc_0_dummy
D:11:     uniq_sonja
D:12:     nrook_pool_corridor, minivault_13
D:13:     david_vaults_3, serial_co_window_serial, co_window_paths_b,
          co_window_corner_a, co_window_corner_a, co_window_corner_a,
          co_window_corner_a, co_window_of_opportunity_c,
          co_window_of_opportunity_c, co_window_paths_c, co_window_paths_c,
          co_window_4corner_a, co_window_paths_d, glass_columns_a,
          glass_columns_a, glass_columns_b, uniq_erolcha
D:14:     fedhas_altar_1, minmay_guarded_unrand_wrath_of_trog, uniq_roxanne
Lair:1:   grunt_megastairs_2, infiniplex_staircase_pool_2
Lair:2:   minmay_swamp_entry_wisps, basic_altar, uniq_nergalle
Lair:3:   kennysheep_basilisk_garden, minmay_lair_oklob_chamber,
          infiniplex_staircase_pool, uniq_urug
Lair:4:   guppyfry_snake_entry_garden, basic_altar, uniq_kirke, uniq_josephine
Lair:5:   minmay_slime_entry_oklob_open, nicolae_quartered_pool_super,
          beast_lair_carwin_2, lemuel_fruit_fields
Lair:6:   minmay_lair_end_frog_pond, hangedman_lair_unloving_vines
Sewer:    sewer_the_crocodile
Bailey:   bailey_axe_of_yendor_kennysheep, bailey

Skill      XL: |  1  2  3  4  5  6  7  8  9 10 11 12 13 14 15 |
---------------+----------------------------------------------+-----
Fighting       | 3 4 5 6 7 9 10 11 | 11.3
Invocations    | 1 2 3 5 7 8 10 11 12 | 12.5
Shields        | 3 4 5 6 8 9 11 12 13 | 13.6
Evocations     | 3 5 6 |  6.0
Short Blades   | 4 5 |  5.5
Charms         | 3 6 8 9 |  9.2
Necromancy     | 3 6 8 10 | 10.0
Armour         | |  2.4

Action                   |  1- 3 |  4- 6 |  7- 9 | 10-12 | 13-15 || total
-------------------------+-------+-------+-------+-------+-------++-------
Melee: Rapier            |    73 |    62 |       |       |       ||   135
       Bite              |    18 |    58 |   105 |   436 |   730 ||  1347
       Dagger            |       |   141 |   306 |  1049 |  1294 ||  2790
       Short sword       |       |       |       |       |   309 ||   309
Evoke: Wand              |       |       |     2 |     9 |    69 ||    80
  Use: Potion            |       |     1 |       |       |     4 ||     5
       Scroll            |       |    10 |     6 |     5 |    13 ||    34
 Stab: Paralysed         |       |     1 |       |    49 |    94 ||   144
       Petrified         |       |       |       |     3 |       ||     3
  Eat: Chunk             |       |     5 |     9 |    27 |    21 ||    62
       Ration            |       |       |       |       |     3 ||     3
Armor: Scale mail        |    36 |    35 |       |       |       ||    71
       Chain mail        |       |    84 |   128 |   621 |   765 ||  1598
       Skin              |       |       |       |       |    21 ||    21
Dodge: Dodged            |    24 |    44 |    49 |   238 |   277 ||   632
Block: Shield            |    45 |    97 |   143 |   708 |  1083 ||  2076
       Reflection        |       |       |       |       |     1 ||     1

Table legend:
 A = Spawn XP
 B = Non-spawn XP
 C = Spawn XP percentage of total XP
 D = Spawn monster count
 E = Non-spawn monster count
 F = Spawn count percentage of total count
 G = Total turns spent on level
                    A         B        C        D         E        F      G
               +---------+---------+-------+---------+---------+-------+---------
         Total |       0 |  120409 |   0.0 |       0 |     665 |   0.0 | 20138
               +---------+---------+-------+---------+---------+-------+---------
           D:1 |       0 |      36 |   0.0 |       0 |      18 |   0.0 |   644
           D:2 |       0 |      85 |   0.0 |       0 |      23 |   0.0 |   508
           D:3 |       0 |     135 |   0.0 |       0 |      25 |   0.0 |   786
           D:4 |       0 |    1235 |   0.0 |       0 |      30 |   0.0 |   940
           D:5 |       0 |     317 |   0.0 |       0 |       8 |   0.0 |   889
           D:6 |       0 |    1009 |   0.0 |       0 |      16 |   0.0 |   854
           D:7 |       0 |    1846 |   0.0 |       0 |      51 |   0.0 |   878
           D:8 |       0 |    1435 |   0.0 |       0 |      14 |   0.0 |   817
           D:9 |       0 |    2958 |   0.0 |       0 |      29 |   0.0 |  1372
          D:10 |       0 |    3864 |   0.0 |       0 |      35 |   0.0 |   875
          D:11 |       0 |    8895 |   0.0 |       0 |      63 |   0.0 |   955
          D:12 |       0 |   20454 |   0.0 |       0 |      55 |   0.0 |   943
          D:13 |       0 |    2277 |   0.0 |       0 |      12 |   0.0 |   797
          D:14 |       0 |    7891 |   0.0 |       0 |      21 |   0.0 |   577
        Lair:1 |       0 |    7718 |   0.0 |       0 |      30 |   0.0 |  1087
        Lair:2 |       0 |    6887 |   0.0 |       0 |      21 |   0.0 |   973
        Lair:3 |       0 |   13238 |   0.0 |       0 |      33 |   0.0 |  1271
        Lair:4 |       0 |    7104 |   0.0 |       0 |      28 |   0.0 |  1307
        Lair:5 |       0 |    6028 |   0.0 |       0 |      18 |   0.0 |  1001
        Lair:6 |       0 |   23297 |   0.0 |       0 |      87 |   0.0 |  1675
         Sewer |       0 |     116 |   0.0 |       0 |       6 |   0.0 |   114
        Bailey |       0 |    3584 |   0.0 |       0 |      42 |   0.0 |   875
               +---------+---------+-------+---------+---------+-------+---------
